 Dungeon Crawl Stone Soup version 0.31-a0-846-gb3bcc0d938 (webtiles) character file.

Game seed: 16886727605833821055

111 lunkers the Insei (level 5, 0/60 HPs)
             Began as a Meteoran Shapeshifter on Oct 3, 2023.
             Was a Follower of the Shining One.
             Slain by an orc
             ... wielding a +0 trident
              (2 damage)
             ... on level 3 of the Dungeon.
             The game lasted 00:01:50 (863 turns).

lunkers the Insei (Meteoran Shapeshifter)            Turns: 863, Time: 00:01:50

Health: 0/60       AC: 22    Str: 21    XL:     5   Next: 39%
Magic:  6/6        EV:  2    Int: 12    God:    the Shining One [*.....]
Gold:   101        SH:  0    Dex: 15    Spells: 4/4 levels left

rFire   . .          .
                       - Unarmed
rCold   . . .        (no shield)
rNeg    . . .        h - melded +0 ring mail
rPois   +            (helmet currently unavailable)
rElec   .            (cloak currently unavailable)
rCorr   .            (gloves currently unavailable)
SInv    .            (boots currently unavailable)
Will    .....        (no amulet)
Stlth   +            i - +6 ring of strength
HPRegen 0.30/turn    (no ring)
MPRegen 0.10/turn

%: no passive effects
@: tree-form, glowing
A: stationary, stasis, torment immunity, boosted hp, sense surroundings 1,
otherworldly, glowing, explore regen
a: Renounce Religion, Divine Shield


You were on level 3 of the Dungeon.
You worshipped the Shining One.
The Shining One was aware of your devotion.
You were a tree.
You visited 1 branch of the dungeon, and saw 3 of its levels.

You collected 101 gold pieces.

Inventory:

Armour
 h - a +0 ring mail (melded)
Jewellery
 i - a +6 ring of strength (left branch)
 m - an amulet of regeneration
Talismans
 c - a beast talisman
 d - a flux talisman
Scrolls
 a - a scroll of poison {unknown}
 g - a scroll of noise {unknown}
 k - a scroll of immolation {unknown}
 n - a scroll of torment {unknown}
 o - 2 scrolls of amnesia {unknown}
 p - a scroll of summoning {unknown}
Potions
 e - a potion of resistance {unknown}
 f - a potion of ambrosia {unknown}
 j - a potion of curing {unknown}
 l - a potion of cancellation {unknown}


   Skills:
 - Level 1.1 Fighting
 - Level 2.1 Dodging
 * Level 5.7 Unarmed Combat
 + Level 4.6 Shapeshifting


You had 4 spell levels left.
You didn't know any spells.
Your spell library was empty.

Dungeon Overview and Level Annotations

Branches:
Dungeon (3/15) Zot: 945

Altars:
The Shining One

Shops:
D:2 ![(:

Annotations:
D:3 2 transporters


Innate Abilities, Weirdness & Mutations

You are a tree.
Your roots penetrate the ground, keeping you stationary.
You cannot be teleported.
You are immune to unholy pain and torment.
Your maximum health is greatly increased.
Your equipment is partially melded.
You passively map a small area around you.
You are easily found by Zot.
You glow in the dark.
You regain HP and MP as you explore.


Message History

Your transformation has ended.
You turn into a tree.
Your +0 ring mail melds into your body.
Your roots penetrate the ground.
The orc hits you but does no damage.
The orc priest hits you with a +0 falchion.
* * * LOW HITPOINT WARNING * * *
The orc hits you but does no damage. x2; The orc hits you with a +0 hand axe.
* * * LOW HITPOINT WARNING * * *
You smack the orc priest!
You kill the orc priest!
The Shining One accepts your kill. The orc hits you with a +0 dagger.
* * * LOW HITPOINT WARNING * * *
The orc hits you but does no damage. x3
You have reached level 5!
Unknown command.
You hit the orc.
The orc is almost dead.
The orc hits you but does no damage. x2; The orc completely misses you.
The orc hits you but does no damage.
Unknown command.
You pummel the orc!!
You kill the orc!
The orc hits you but does no damage. x2; The orc barely misses you.
Unknown command.
Unknown command.
You hit the orc.
The orc is heavily wounded.
The orc barely misses you. The orc hits you but does no damage. x2
Unknown command.
You pummel the orc!!
You kill the orc!
The orc hits you but does no damage. The orc hits you with a +0 hand axe.
* * * LOW HITPOINT WARNING * * *
Unknown command.
You hit the orc but do no damage. The orc hits you but does no damage. x2
You barely miss the orc. The orc hits you but does no damage. x2
You smack the orc!
You kill the orc!
The orc hits you from afar with a +0 trident.
You die...

, ...#. , ...# * ,
....#.# #...# ,,
.....<. * ....#,* *
#......, ,....# # , ,
.......###.^..#.# ,
#........=......:. ~~
#.#..#....))...# ,
P.. ,#.........♣)o..#
* ~..+
#©...#.#.##)...... ,
~..#
#......).#*###>#.# ,,
, ~~~# 8*.#..#...# ..
######* #.,#...# * #
........#.##...###$#,
,
....................
* **
....#####.##.#.###.#
.... ..............#,
. * *


You could see an orc.

Vanquished Creatures
  An orc priest (D:3)
  3 adders
  2 worms
  4 orcs (D:3)
  6 goblins
  4 hobgoblins
  4 jackals (D:1)
  8 kobolds
  A quokka (D:2)
  7 ball pythons
  2 bats
  A frilled lizard (D:3)
  A rat (D:3)
44 creatures vanquished.

Notes
Turn   | Place    | Note
-------+----------+-------------------------------------------
     0 | D:1      | lunkers the Meteoran Shapeshifter began the quest for the
                  | Orb.
     0 | D:1      | Reached XP level 1. HP: 16/16 MP: 2/2
   246 | D:1      | Reached XP level 2. HP: 23/23 MP: 3/3
   255 | D:1      | Reached skill level 4 in Unarmed Combat
   367 | D:2      | Reached XP level 3. HP: 28/28 MP: 4/4
   443 | D:2      | Found Tittenwe's Distillery.
   499 | D:2      | Found a faded altar of an unknown god.
   526 | D:2      | Found Quru's Weapon Shop.
   545 | D:2      | Prayed at the altar of an unknown god.
   545 | D:2      | Became a worshipper of the Shining One
   545 | D:2      | Reached * piety under the Shining One
   551 | D:2      | Found Bohyiwi's Armour Shop.
   588 | D:2      | Reached XP level 4. HP: 35/35 MP: 5/5
   601 | D:2      | Found Xoywni's Book Shoppe.
   669 | D:3      | Reached skill level 5 in Unarmed Combat
   777 | D:3      | Found a transporter.
   841 | D:3      | Found a transporter.
   857 | D:3      | Reached XP level 5. HP: 3/40 MP: 6/6
   860 | D:3      | HP: 1/60 [orc/+0 hand axe (3)]
   863 | D:3      | Slain by an orc

Illustrated notes

Levels and vault maps discovered:
D:1:      minmay_arrival_five_plusses, layout_rooms, serial_co_window_serial,
          co_window_paths_b, co_window_of_opportunity_a, co_window_paths_a,
          co_window_paths_a, co_window_paths_a, co_window_paths_b,
          co_window_paths_b, co_window_broadway_c, co_window_corner_ca,
          co_window_corner_b, co_window_unsneaky_path_a, co_window_cross_2,
          co_window_4corner_b, glass_columns_b, glass_columns_c,
          roderic_serpentine_path
D:2:      layout_rooms, shapermc_ecumenical_altar_acropolis, serial_shops, shop,
          shop, nicolae_shop_peninsula, shop
D:3:      gammafunk_steamed_eel, layout_basic

Skill      XL: |  1  2  3  4 |
---------------+-------------+-----
Unarmed Combat | 4 5 |  5.7
Shapeshifting  | 4 |  4.6
Fighting       | |  1.1
Dodging        | |  2.1

Action                     |  1- 3 |  4- 6 || total
---------------------------+-------+-------++-------
  Melee: Unarmed           |    65 |    47 ||   112
         Punch             |     1 |     1 ||     2
    Use: Scroll            |     1 |       ||     1
         Potion            |       |     1 ||     1
 Armour: Animal skin       |    20 |       ||    20
         Ring mail         |    19 |    24 ||    43
         Skin              |       |    23 ||    23
  Dodge: Dodged            |    40 |    28 ||    68

Table legend: (Time is in decaauts)
 A = Elapsed time spent in this place.
 B = Non-inter-level travel time spent in this place.
 C = Inter-level travel time spent in this place.
 D = Time resting spent in this place.
 E = Time spent auto-exploring this place.
 F = Levels seen in this place.
 G = Mean time per level.
                   A        B        C        D        E       F      G
               +--------+--------+--------+--------+--------+-----+--------+
         Total |    853 |    835 |     18 |      0 |    551 |   3 |  284.3 |
       Dungeon |    853 |    835 |     18 |      0 |    551 |   3 |  284.3 |
               +--------+--------+--------+--------+--------+-----+--------+

Top non-repeatable levels by time:
     D:1: 358 daAuts
     D:2: 261 daAuts
     D:3: 233 daAuts
